 Dungeon Crawl Stone Soup version 0.29-a0-284-gf9362112df (webtiles) character file.

Game seed: 18427296167506624972

27 holysushi the Cutter (level 2, -2/22 HPs)
             Began as a Demonspawn Warper on Mar 19, 2022.
             Was an Initiate of Yredelemnul.
             Killed by nerve-wracking pain
             ... invoked by an orc priest
              (7 damage)
             ... on level 2 of the Dungeon.
             The game lasted 00:02:14 (1596 turns).

holysushi the Cutter (Demonspawn Warper)            Turns: 1596, Time: 00:02:14

Health: -2/22      AC:  3    Str: 11    XL:     2   Next: 93%
Magic:  5/5        EV: 11    Int: 14    God:    Yredelemnul [......]
Gold:   34         SH:  0    Dex: 14    Spells: 5/5 levels left

rFire   . . .      SeeInvis .   a - +0 dagger (elec)
rCold   . . .      Faith    .   (no shield)
rNeg    . . .      Spirit   .   j - +0 leather armour {rPois}
rPois   +          Reflect  .   (no helmet)
rElec   .          Harm     .   (no cloak)
rCorr   .          Rampage  .   (no gloves)
Will    .....                   (no boots)
Stlth   ++........              (no amulet)
HPRegen 0.07/turn               (no ring)
MPRegen 0.09/turn               (no ring)

@: no status effects
A: thin skeletal structure 1
a: Renounce Religion, Recall Undead Harvest


You were on level 2 of the Dungeon.
You worshipped Yredelemnul.
Yredelemnul was noncommittal.
You visited 1 branch of the dungeon, and saw 2 of its levels.

You collected 34 gold pieces.

Inventory:

Hand Weapons
 a - a +0 dagger of electrocution (weapon)
 f - a +0 short sword
Missiles
 d - 7 boomerangs of dispersal (quivered)
Armour
 b - a +0 leather armour
 j - a +0 leather armour of poison resistance (worn)
Scrolls
 c - a scroll of blinking
 k - a scroll of identify {unknown}
Potions
 e - a potion of heal wounds {unknown}
 g - a potion of flight {unknown}
 h - a potion of degeneration {unknown}
 i - a potion of might {unknown}


   Skills:
 - Level 2.0 Fighting
 + Level 2.9 Short Blades
 - Level 0.9 Throwing
 - Level 0.9 Armour
 - Level 1.9 Dodging
 + Level 0.1 Stealth
 - Level 2.0 Spellcasting
 - Level 2.7 Translocations


You had 5 spell levels left.
You didn't know any spells.
Your spell library contained the following spells:

 Spells                   Type           Power      Damage    Failure   Level
 Blink                    Tloc           18%        N/A       16%         2
 Gell's Gravitas          Tloc           9%         N/A       30%         3
 Lesser Beckoning         Tloc           9%         N/A       30%         3
 Teleport Other           Tloc           9%         N/A       30%         3
 Manifold Assault         Tloc           9%         N/A       96%         5


Dungeon Overview and Level Annotations

Branches:
Dungeon (2/15)

Altars:
Yredelemnul


Innate Abilities, Weirdness & Mutations

You have a somewhat thin skeletal structure. (Dex +2, Stealth+)


Message History

The orc hits your quokka zombie with a +0 club.
The orc priest hits your quokka zombie with a +0 club.
Your quokka zombie is destroyed!
Your goblin zombie closely misses the orc.
The orc attacks as you move away! The orc hits you with a +0 dagger.
There is a stone staircase leading up here.
You hit the orc. Lightning courses through the orc!
You kill the orc!
A black mist starts to gather...
You see here a +0 dagger.
There is a stone staircase leading up here.
You swap places.
You see here a +0 dagger.
You hit the orc priest.
The orc priest is lightly wounded.
The orc priest hits you with a +0 club.
You hit the orc priest.
The orc priest is moderately wounded.
You hit the orc priest but do no damage.
The orc priest is moderately wounded.
The orc priest invokes the aid of Beogh against you.
Pain shoots through your body!
Ouch! That really hurt!
* * * LOW HITPOINT WARNING * * *
Your goblin zombie barely misses the orc priest.
The orc barely misses you.
You hit the orc priest.
The orc priest is moderately wounded.
The orc priest completely misses you. The orc closely misses you.
Your goblin zombie hits the orc priest but does no damage.
Your orc zombie barely misses the orc priest.
Unknown command.
The orc barely misses your orc zombie.
Your goblin zombie misses the orc priest.
There is a stone staircase leading up here.
Your orc zombie hits the orc priest but does no damage.
The orc priest invokes the aid of Beogh against you.
Pain shoots through your body!
You die...
Your body rises from the dead as a mindless zombie.

##.## #.###..### #.
##.#.## #.###..# #.
#.###.# #...Z..# #.
##.#.## #####'## #.
#####.### ##...## ##
#.......# ##.....##
#.###.#.####.....).## #
##.##...Zo##.........###
.........@o............+..
####......Zo...........###
#..#########........## #
#.# #...oo.........## # #.
#..≈.ooZ...#...## # .
$..........##'## #
⌠..........##.#
$..........##.#
#..≈...≈..###.##


You could see an orc priest (ally target), 2 orcs, a friendly goblin zombie and
a friendly orc zombie.

Vanquished Creatures
  An orc (D:2)
  4 bats (D:1)
  5 endoplasms
  A goblin (D:2)
  3 jackals (D:1)
  2 ball pythons (D:1)
  2 frilled lizards
  3 kobolds (D:1)
  2 rats
23 creatures vanquished.

Vanquished Creatures (collateral kills)
  A quokka (D:2)
1 creature vanquished.

Vanquished Creatures (others)
  A frilled lizard zombie (D:2)
  A quokka zombie (D:2)
  2 plants (D:1)
  4 withered plants (D:1)
8 creatures vanquished.

Grand Total: 32 creatures vanquished

Notes
Turn   | Place    | Note
-------+----------+-------------------------------------------
     0 | D:1      | holysushi the Demonspawn Warper began the quest for the
                  | Orb.
     0 | D:1      | Reached XP level 1. HP: 16/16 MP: 3/3
   446 | D:1      | Gained mutation: You have a somewhat thin skeletal
                  | structure. (Dex +2, Stealth+) [demonic ancestry]
   446 | D:1      | Reached XP level 2. HP: 22/22 MP: 5/5
   819 | D:1      | Found a faded altar of an unknown god.
   842 | D:1      | Prayed at the altar of an unknown god.
   842 | D:1      | Became a worshipper of Yredelemnul the Dark
   842 | D:1      | Reached * piety under Yredelemnul
  1596 | D:2      | Killed from afar by an orc priest

Illustrated notes

Levels and vault maps discovered:
D:1:      moated_graveyard_arrival, layout_basic,
          shapermc_ecumenical_altar_flowoftime, minmay_misc_feat_more_columns,
          minmay_misc_feat_ornament
D:2:      cheibrodos_pilgrimage, layout_loops_corners

Skill      XL: |  1 |
---------------+----+-----
Short Blades   | 2 |  2.9
Fighting       | |  2.0
Throwing       | |  0.9
Armour         | |  0.9
Dodging        | |  1.9
Stealth        | |  0.1
Spellcasting   | |  2.0
Translocations | |  2.7

Action                   || total
-------------------------++-------
Melee: Dagger            ||    77
       Short sword       ||     6
       Punch             ||     1
 Stab: Sleeping          ||     4
Armor: Leather armour    ||    28
Dodge: Dodged            ||    54

Table legend: (Time is in decaauts)
 A = Elapsed time spent in this place.
 B = Non-inter-level travel time spent in this place.
 C = Inter-level travel time spent in this place.
 D = Time resting spent in this place.
 E = Time spent auto-exploring this place.
 F = Levels seen in this place.
 G = Mean time per level.
                   A        B        C        D        E       F      G
               +--------+--------+--------+--------+--------+-----+--------+
         Total |   1585 |   1513 |     72 |    484 |    736 |   2 |  792.5 |
       Dungeon |   1585 |   1513 |     72 |    484 |    736 |   2 |  792.5 |
               +--------+--------+--------+--------+--------+-----+--------+

Top non-repeatable levels by time:
     D:1: 1374 daAuts
     D:2: 211 daAuts
